 Dungeon Crawl Stone Soup version 0.31-a0-879-g1609e0ac53 (webtiles) character file.

Game seed: 17134114160845407569

1 Supercorn the Stinger (level 1, 0/13 HPs)
             Began as a Demonspawn Venom Mage on Oct 14, 2023.
             Slain by a jackal (1 damage)
             ... on level 1 of the Dungeon.
             The game lasted 00:00:20 (35 turns).

Supercorn the Stinger (Demonspawn Venom Mage)         Turns: 35, Time: 00:00:20

Health: 0/13       AC:  2    Str:  8    XL:     1   Next: 16%
Magic:  0/3        EV: 12    Int: 16    God:
Gold:   18         SH:  0    Dex: 13    Spells: 3/4 levels left

rFire   . . .        (no weapon)
rCold   . . .        (no shield)
rNeg    . . .        a - +0 robe
rPois   .            (no helmet)
rElec   .            (no cloak)
rCorr   .            (no gloves)
SInv    .            (no boots)
Will    .....        (no amulet)
Stlth   ++           (no ring)
HPRegen 0.22/turn    (no ring)
MPRegen 0.08/turn

%: no passive effects
@: no status effects
A: no striking features
a: no special abilities


You were on level 1 of the Dungeon.
You visited 1 branch of the dungeon, and saw 1 of its levels.

You collected 18 gold pieces.

Inventory:

Armour
 a - a +0 robe (worn)
Potions
 b - a potion of magic
 c - a potion of resistance {unknown}


   Skills:
 + Level 0.1 Fighting
 - Level 1.7 Dodging
 - Level 1.7 Stealth
 + Level 2.0 Spellcasting
 - Level 0.8 Transmutations
 + Level 3.0 Poison Magic


You had 3 spell levels left.
You knew the following spells:

 Your Spells              Type           Power      Damage    Failure   Level
a - Sting                 Tmut/Pois      28%        1d4       10%         1

Your spell library contained the following spells:

 Spells                   Type           Power      Damage    Failure   Level
 Poisonous Vapours        Pois/Air       12%        N/A       17%         2
 Mephitic Cloud           Conj/Pois/Air  4%         N/A       38%         3
 Olgreb's Toxic Radiance  Pois           11%        N/A       52%         4


Dungeon Overview and Level Annotations

Branches:
Dungeon (1/15)

Altars:


Message History

You miss the jackal. The jackal bites you.
Your magical contamination has completely faded away.
You hit the jackal but do no damage. The jackal closely misses you.
The jackal misses you.
You hit the jackal but do no damage. The jackal closely misses you.
You hit the jackal but do no damage. The jackal bites you.
You hit the jackal.
The jackal is lightly wounded.
The jackal closely misses you. The jackal barely misses you.
You hit the jackal but do no damage.
The jackal is lightly wounded.
The jackal barely misses you.
You hit the jackal but do no damage.
The jackal is lightly wounded.
The jackal bites you. The jackal misses you.
You hit the jackal.
The jackal is moderately wounded.
The jackal bites you.
You hit the jackal.
The jackal is heavily wounded.
The jackal bites you.
* * * LOW HITPOINT WARNING * * *
You barely miss the jackal.
The jackal is heavily wounded.
The jackal misses you. The jackal barely misses you.
Casting: Sting (safe; 10% risk of failure)
Confirm with . or Enter, or press ? or * to list all spells.
Aiming: Sting (safe; 10% risk of failure)
Press: ? - help, Shift-Dir - straight line, f - jackal
Aim: a jackal (heavily wounded, 60% to hit)
The sting misses the jackal.
The jackal bites you.
* * * LOW HITPOINT WARNING * * *
Unknown command.
Casting: Sting (safe; 10% risk of failure)
Confirm with . or Enter, or press ? or * to list all spells.
You don't have enough magic to cast this spell.
You closely miss the jackal.
The jackal is heavily wounded.
The jackal bites you.
You die...

#..#.......#
####..#.......#
..##..#.......#
#.##.....[<...#
####.##..#..........
#....##..#.......#..
#. #. #.....#.......#
.
#...#.##.##..#.......#
#....wh@.##..#######.#
#.#>#.#####.... .. #.
#..... ... #. #####.#
#. .# #. . #. #.


You could see a dart slug and a jackal.

Vanquished Creatures
  A jackal (D:1)
1 creature vanquished.

Notes
Turn   | Place    | Note
-------+----------+-------------------------------------------
     0 | D:1      | Supercorn the Demonspawn Venom Mage began the quest for the
                  | Orb.
     0 | D:1      | Reached XP level 1. HP: 13/13 MP: 3/3
    35 | D:1      | Slain by a jackal

Illustrated notes

Levels and vault maps discovered:
D:1:      lemuel_arrival_room, layout_loops_ring, hangedman_decor_peaks_small

Action                     || total
---------------------------++-------
  Melee: Unarmed           ||    11
   Cast: Sting             ||     3
 Armour: Robe              ||    11
  Dodge: Dodged            ||    17

Table legend: (Time is in decaauts)
 A = Elapsed time spent in this place.
 B = Non-inter-level travel time spent in this place.
 C = Inter-level travel time spent in this place.
 D = Time resting spent in this place.
 E = Time spent auto-exploring this place.
 F = Levels seen in this place.
 G = Mean time per level.
                   A        B        C        D        E       F      G
               +--------+--------+--------+--------+--------+-----+--------+
         Total |     35 |     35 |      0 |      0 |     15 |   1 |   35.0 |
       Dungeon |     35 |     35 |      0 |      0 |     15 |   1 |   35.0 |
               +--------+--------+--------+--------+--------+-----+--------+

Top non-repeatable levels by time:
     D:1: 35 daAuts
